 Dungeon Sprint DCSS version 0.21.1-1-g345015f (webtiles) character file.

83 Mgcat the Covered (level 4, -2/45 HPs)
             Began as a Deep Dwarf Fighter on Feb 9, 2018.
             Slain by a killer bee (10 damage)
             ... in the Dungeon (Sprint IV: "Fedhas' Mad Dash").
             The game lasted 00:01:47 (106 turns).

Mgcat the Covered (Deep Dwarf Fighter)               Turns: 106, Time: 00:01:48

Health: -2/45      AC:  7    Str: 20    XL:     4   Next: 22%
Magic:  4/4        EV:  7    Int:  8    God:
Gold:   65         SH: 10    Dex: 13    Spells: 3/3 levels left

rFire    . . .     SeeInvis .   a - +0 war axe
rCold    . . .     Gourm    .   c - +0 shield
rNeg     . . .     Faith    .   b - +0 scale mail
rPois    .         Spirit   .   (no helmet)
rElec    .         Reflect  .   (no cloak)
rCorr    .         Harm     .   (no gloves)
MR       .....     NoTele   +   (no boots)
Stlth    ..........             m - amulet of invisibility {+Inv}
HPRegen  0.00/turn              (no ring)
MPRegen  0.09/turn              (no ring)

@: lethally poisoned (-2 -> -10), non-regenerating
A: damage resistance, heal wounds, sense surroundings 1, no regeneration
a: Heal Wounds, Evoke Invisibility


You were in the Dungeon.
You were not hungry.

You visited 1 branch You collected 65 gold pieces.

Inventory:

Hand Weapons
 a - a +0 war axe (weapon)
Armour
 b - a +0 scale mail (worn)
 c - a +0 shield (worn)
Jewellery
 m - the amulet of invisibility (around neck) {+Inv}
   (You found it in the Dungeon)

   [amulet of nothing]

   It lets you turn invisible.
Scrolls
 k - a scroll of blinking {!r}
Potions
 d - a potion of might
 e - a potion of curing
 g - 2 potions of heal wounds
 h - a potion of haste
 i - 2 potions of magic
 j - a potion of berserk rage {!q}
Comestibles
 f - 2 rations
 l - a chunk of flesh {@w0}


   Skills:
 + Level 4.6 Fighting
 + Level 5.0 Axes
 + Level 5.6 Armour
 + Level 5.6 Shields
 + Level 0.0 Evocations


You had 3 spell levels left.
You didn't know any spells.

Dungeon Overview and Level Annotations

Branches:
Dungeon (1/1)

Altars:
Cheibriados
Gozag
Hepliaklqana
Makhleb
Nemelex Xobeh
Ru
Sif Muna
Trog
Wu Jian
Xom
Yredelemnul
Beogh
Jiyva

Annotations:
D exclusion: oklob sapling


Innate Abilities, Weirdness & Mutations

You are resistant to damage.
You can heal yourself by infusing magical energy.
You passively map a small area around you.
You do not regenerate.


Message History

Put on which piece of jewellery? (? for menu, Esc to quit)
m - the amulet of invisibility (around neck) {+Inv} You open the door.
Marking area around the oklob sapling as unsafe for travelling.
An oklob sapling comes into view.
Unknown command.
There is an open door here.
You hit the oklob sapling but do no damage.
You hit the oklob sapling but do no damage.
You slash the oklob sapling!
You destroy the oklob sapling!
Your Axes skill increases to level 5!
You have reached level 4!
You feel stronger.
You now have 53 gold pieces (gained 4).
You now have 65 gold pieces (gained 12).
There is an open door here.
You open the door.
Found four altars.
Marking area around the oklob sapling priest as unsafe for travelling.
An oklob sapling priest comes into view.
The oklob sapling priest spits acid at you.
The splash of acid hits you!
You are splashed with acid!
The acid burns!
Found nine altars.
There is an open door here.
Unknown command.
Unknown command.
Unknown command.
Unknown command.
You feel much better.
Okay, then.
Unknown command.
Unknown command.
There is an open door here.
You open the door.
There is an open door here.
A killer bee and a queen bee come into view.
The queen bee buzzes angrily.
The killer bee buzzes angrily.
The queen bee moves out of view.
A killer bee comes into view.
A killer bee comes into view.
A killer bee comes into view.
The killer bee buzzes angrily.
There is an open door here.
You miss the killer bee.
The killer bee stings you but does no damage.
You block the killer bee's attack. x2
You miss the killer bee. You block the killer bee's attack. x2
The killer bee completely misses you. The killer bee stings you.
The killer bee stings you but does no damage.
You barely miss the killer bee. The killer bee barely misses you.
You block the killer bee's attack. x2
You closely miss the killer bee. x2; The killer bee stings you.
You block the killer bee's attack.
The killer bee stings you but does no damage.
The queen bee calls on the killer bee to defend it!
The killer bee goes berserk!
The queen bee calls on the killer bee to defend it!
The killer bee goes berserk!
The killer bee stings you. You block the killer bee's attack.
Your scale mail prevents you from hitting the killer bee.
You closely miss the killer bee. The killer bee completely misses you.
The killer bee stings you. You block the killer bee's attack.
The killer bee barely misses you. The killer bee stings you!
You are poisoned.
The killer bee poisons you! You block the killer bee's attack.
You completely miss the queen bee.
Your shield prevents you from hitting the killer bee.
The killer bee rages.
The killer bee stings you. You block the killer bee's attack.
The killer bee stings you.
You are more poisoned.
The killer bee poisons you! The killer bee stings you!
You block the queen bee's attack.
You hit the queen bee but do no damage. You miss the killer bee.
The killer bee stings you.
You are more poisoned.
The killer bee poisons you! The killer bee stings you!
* * * LOW HITPOINT WARNING * * *
You are more poisoned.
The killer bee poisons you! You block the killer bee's attack.
The killer bee stings you!
* * * LOW HITPOINT WARNING * * *
You block the queen bee's attack.
The killer bee buzzes angrily.
You feel much better.
You feel sick. The killer bee stings you!
You are more poisoned.
The killer bee poisons you! You block the killer bee's attack.
You block the queen bee's attack. The killer bee stings you!
You fail to use your ability.
* * * LOW HITPOINT WARNING * * *
You feel very sick. The killer bee barely misses you.
The killer bee stings you.
* * * LOW HITPOINT WARNING * * *
You fail to use your ability.
* * * LOW HITPOINT WARNING * * *
You feel sick.
The killer bee buzzes angrily.
You block the killer bee's attack. The killer bee stings you!
You die...

#########################*
*
#<..P#.....#.....#.⌠._._.
#PP..'.....'.#.(.'.._._._
#PPPP#.....#.#...#..._._P
###############'##.._._._
* ♣...y...yy@..#._._._.
...y.♣....y#y..######## *
yy.,♣..♣..######** +
#+##### , , , * ,+ , , ,
*, ** , , * ** , , , ∩ , *


You could see a queen bee and 4 killer bees.

Vanquished Creatures
  2 oklob saplings (D)
  A worker ant (D)
  A river rat (D)
  A rat (D)
5 creatures vanquished.

Notes
Turn   | Place    | Note
-------+----------+-------------------------------------------
     0 | D        | Mgcat the Deep Dwarf Fighter began the quest for the Orb.
     0 | D        | Reached XP level 1. HP: 20/20 MP: 1/1
    12 | D        | HP: 5/20 [river rat (4)]
    14 | D        | HP: 1/20 [river rat (4)]
    16 | D        | Reached skill level 3 in Fighting
    16 | D        | Reached skill level 3 in Axes
    16 | D        | Reached skill level 4 in Armour
    16 | D        | Reached skill level 4 in Shields
    16 | D        | Reached XP level 2. HP: 1/28 MP: 2/2
    28 | D        | Noticed an oklob sapling
    32 | D        | Killed an oklob sapling
    32 | D        | Reached skill level 4 in Axes
    32 | D        | Reached XP level 3. HP: 28/36 MP: 3/3
    37 | D        | Found the amulet of invisibility {+Inv}
    44 | D        | Reached skill level 4 in Fighting
    44 | D        | Reached skill level 5 in Armour
    44 | D        | Reached skill level 5 in Shields
    64 | D        | Noticed an oklob sapling
    69 | D        | Killed an oklob sapling
    69 | D        | Reached skill level 5 in Axes
    69 | D        | Reached XP level 4. HP: 36/45 MP: 4/4
    79 | D        | Found an opulent altar of Gozag.
    79 | D        | Found a hazy altar of Hepliaklqana.
    79 | D        | Found a roughly hewn altar of Beogh.
    79 | D        | Found a snail-covered altar of Cheibriados.
    80 | D        | Found a viscous altar of Jiyva.
    80 | D        | Found a burning altar of Makhleb.
    80 | D        | Found a sparkling altar of Nemelex Xobeh.
    80 | D        | Found a sacrificial altar of Ru.
    80 | D        | Found a deep blue altar of Sif Muna.
    80 | D        | Found a bloodstained altar of Trog.
    80 | D        | Found an ornate altar of the Wu Jian Council.
    80 | D        | Found a shimmering altar of Xom.
    80 | D        | Found a basalt altar of Yredelemnul.
    91 | D        | Noticed a queen bee
   103 | D        | HP: 11/45 [killer bee (5)]
   103 | D        | HP: 5/45 [killer bee (6)]
   106 | D        | Slain by a killer bee

Skill      XL: |  1  2  3 |
---------------+----------+-----
Fighting       | 3 4 |  4.6
Axes           | 3 4 5 |  5.0
Armour         | 4 5 |  5.6
Shields        | 4 5 |  5.6

Action                   |  1- 3 |  4- 6 || total
-------------------------+-------+-------++-------
Melee: War axe           |    24 |     7 ||    31
 Abil: Heal Wounds       |     1 |     2 ||     3
Armor: Scale mail        |     8 |     3 ||    11
Dodge: Dodged            |     3 |     5 ||     8
Block: Shield            |    11 |    17 ||    28

Vault maps used:
D:        dungeon_sprint_fedhas

Table legend:
 A = Turns spent in this place as a percentage of turns spent in the entire game.
 B = Non-inter-level travel turns spent in this place as a percentage of non-inter-level travel turns spent in the entire game.
 C = Inter-level travel turns spent in this place as a percentage of turns spent in this place.
 D = Turns resting spent in this place as a percentage of non-inter-level travel turns spent in this place.
 E = Turns spent auto-exploring this place as a percentage of non-inter-level travel turns spent in this place.
 F = Non-inter-level travel turns spent in this place divided by the number of levels of this place that you've seen.
                   A       B       C       D       E      F
               +-------+-------+-------+-------+-------+----------------------
         Total | 100.0 | 100.0 |   0.0 |   0.0 |   2.8 | 106.0
       Dungeon | 100.0 | 100.0 |   0.0 |   0.0 |   2.8 | 106.0
               +-------+-------+-------+-------+-------+----------------------

Table legend:
 A = Kills in this place as a percentage of kills in entire the game.
 B = Kills by you in this place as a percentage of kills by you in the entire game.
 C = Kills by friends in this place as a percentage of kills by friends in the entire game.
 D = Other kills in this place as a percentage of other kills in the entire game.
 E = Experience gained in this place as a percentage of experience gained in the entire game.
 F = Experience gained in this place divided by the number of levels of this place that you have seen.
                   A       B       C       D       E      F
               +-------+-------+-------+-------+-------+----------------------
         Total | 100.0 | 100.0 |   N/A |   N/A | 100.0 | 119.0
       Dungeon | 100.0 | 100.0 |   N/A |   N/A | 100.0 | 119.0
               +-------+-------+-------+-------+-------+----------------------
